AoeStats
← Imot

Arabia

509226325Analyzed
1v1 RM · 7d ago on Sep 26, 2026· 55m 30s· 2 players
Game mode
Random Map
Map size
Tiny (2 player)
Population
200
Speed
Normal
Resources
Standard
Victory
Conquest
Starting age
Dark Age
Ending age
Imperial Age
RankedLock teamsTeams togetherTeam positionsShared explorationLock speedFull tech treeHidden civsTurbo modeCheats
Victory
Defeat
🇮🇳 Hindustanis · India
1366
+17
🇦🇷 Saxons · Argentina
1378
-17
rta
5:52 Loom
9:09 Feudal Age
10:06 Double-Bit Axe
19:14 Forging
19:05 Horse Collar
20:11 Wheelbarrow
19:36 Fletching
24:11 Castle Age
23:42 Padded Archer Armor
23:44 Gold Mining
24:29 Scale Barding Armor
24:41 Bloodlines
24:16 Crossbowman
24:59 Bodkin Arrow
27:51 Iron Casting
27:46 Elite Skirmisher
29:49 Bow Saw
30:51 Ballistics
38:01 Town Watch
41:36 Imperial Age
40:40 Leather Archer Armor
40:45 Chain Barding Armor
41:41 Thumb Ring
43:19 Bracer
43:25 Town Patrol
44:44 Chemistry
49:01 Masonry
51:27 Shatagni
50:50 Light Cavalry
51:39 Husbandry
53:57 Gold Shaft Mining
53:12 Stone Mining
Imot
6:29 Loom
8:39 Feudal Age
9:41 Double-Bit Axe
10:57 Town Watch
20:51 Castle Age
19:19 Gold Mining
19:25 Fletching
21:29 Padded Archer Armor
21:45 Bloodlines
21:21 Light Cavalry
22:09 Bodkin Arrow
30:14 Ballistics
32:14 Squires
32:16 Horse Collar
38:20 Scale Mail Armor
40:12 Chain Mail Armor
42:06 Forging
47:43 Imperial Age
47:46 Shield Wall
48:58 Plate Mail Armor
48:44 Elite Hearth Troop
51:28 Hoardings
51:08 Elite Skirmisher
54:20 Leather Archer Armor
Connection lost

Rejoining the realm…

Still unreachable

The connection could not be restored.

Session expired

The server has moved on; the page needs a fresh start.